 Dungeon Crawl Stone Soup version 0.30-a0-626-gd6a5dd7a1f (webtiles) character file.

Game seed: 17465917883634230927

159537 Leeroy the Acrobat (level 17, -13/125 HPs)
             Began as a Merfolk Gladiator on Jan 11, 2023.
             Was an Elder of Hepliaklqana.
             Mangled by a tyrant leech (27 damage)
             ... while paralysed by a fenstrider witch
             ... on level 3 of the Swamp.
             The game lasted 01:13:51 (28683 turns).

Leeroy the Acrobat (Merfolk Gladiator)             Turns: 28683, Time: 01:13:52

Health: -13/125    AC: 15    Str: 23    XL:     17   Next: 74%
Magic:  17/18      EV:  2    Int:  7    God:    Hepliaklqana [****..]
Gold:   631        SH:  0    Dex: 33    Spells: 13/16 levels left

rFire   + . .      SeeInvis .    O - +6 double sword (holy)
rCold   . . .      Faith    .    n - +0 kite shield
rNeg    . . .      Spirit   .    S - +2 leather armour of Watchfulness {Str+2 Dex+7 Slay+3}
rPois   .          Reflect  +    c - +0 helmet
rElec   .          Harm     .    C - +2 cloak {rF+}
rCorr   .          Rampage  .    P - +2 pair of gloves {Dex+3}
Will    +....                    Q - +2 pair of boots
Stlth   ++                       h - amulet of reflection
HPRegen 0.40/turn                r - +6 ring of strength
MPRegen 0.16/turn                A - ring of flight

@: paralysed, flying, hasted, studying Conjurations
A: reduced essence, (nimble swimmer 2), mertail
a: Renounce Religion, Recall Ancestor, Ancestor Identity, Transference, Idealise


You were on level 3 of the Swamp.
You worshipped Hepliaklqana.
Hepliaklqana was greatly pleased with you.
You visited 5 branches of the dungeon, and saw 23 of its levels.
You also visited: Sewer and Volcano.

You collected 1813 gold pieces.
You spent 1182 gold pieces at shops.

Inventory:

Hand Weapons
 J - the +8 falchion of the Arcadian God {heavy, *Slow Will+ rCorr}
   (You found it on level 5 of the Dungeon)

   rCorr:     It protects you from acid and corrosion.
   *Slow:     It may slow you when you take damage.
   Will:      It increases your willpower.
 M - the +7 long sword "Piod Cay" {freeze, rC+}
   (You found it on level 5 of the Dungeon)

   rC:        It protects you from cold.
 O - a +6 double sword of holy wrath (weapon)
Missiles
 u - 53 poisoned darts (quivered)
 D - a curare-tipped dart
 T - 2 javelins
Armour
 c - a +0 helmet (worn)
 g - the +4 helmet of Prudence {Harm Int+3 Stlth+}
   (You found it in a volcano)

   Int:       It affects your intelligence (+3).
   Harm:      It increases damage dealt and taken.
   Stlth:     It makes you more stealthy.
 n - a +0 kite shield (worn)
 C - a +2 cloak of fire resistance (worn)
 H - a +3 leather armour of fire resistance
 P - a +2 pair of gloves of dexterity (worn)
 Q - a +2 pair of boots (worn)
 S - the +2 leather armour of Watchfulness (worn) {Str+2 Dex+7 Slay+3}
   (You found it on level 6 of the Dungeon)

   Str:       It affects your strength (+2).
   Dex:       It affects your dexterity (+7).
   Slay:      It affects your accuracy & damage with ranged weapons and melee
   (+3).
 X - a +0 pair of gloves of fire resistance
Jewellery
 d - a ring of protection from fire
 h - an amulet of reflection (around neck)
 j - a +5 ring of evasion
 p - an amulet of magic regeneration
 r - a +6 ring of strength (left hand)
 A - a ring of flight (right hand)
 L - a ring of resist corrosion
 N - a ring of fire
 R - a ring of magical power
 U - a +6 ring of strength
 Z - a ring of ice
Wands
 b - a wand of paralysis (18)
 W - a wand of flame (9)
 Y - a wand of polymorph (8)
Scrolls
 a - a scroll of amnesia {unknown}
 l - 3 scrolls of poison
 q - 6 scrolls of teleportation
 t - 6 scrolls of magic mapping
 x - 2 scrolls of brand weapon
 y - 6 scrolls of fog
 F - 3 scrolls of immolation
 I - a scroll of silence
 K - a scroll of torment
 V - a scroll of enchant armour
Potions
 e - 2 potions of ambrosia {unknown}
 f - 4 potions of mutation {unknown}
 i - 7 potions of lignification
 k - 6 potions of haste
 m - 5 potions of flight {unknown}
 o - 4 potions of resistance {unknown}
 s - 3 potions of magic
 v - 6 potions of attraction
 w - 5 potions of might {unknown}
 z - 3 potions of invisibility {unknown}
 B - 12 potions of curing
 E - 7 potions of brilliance {unknown}
 G - a potion of cancellation {unknown}


   Skills:
 - Level 14.3 Fighting
 - Level 19.6 Long Blades
 - Level 0.1 Maces & Flails
 - Level 0.4 Polearms
 - Level 0.2 Ranged Weapons
 - Level 2.0 Throwing
 + Level 21.1 Dodging
 - Level 16.0 Shields
 - Level 0.2 Hexes
 - Level 0.2 Summonings
 - Level 0.1 Necromancy
 - Level 0.2 Translocations
 - Level 0.4 Transmutations
 - Level 0.1 Fire Magic
 - Level 0.1 Air Magic
 - Level 0.4 Poison Magic
 - Level 2.1 Invocations
 - Level 6.8 Evocations


You had 13 spell levels left.
You knew the following spells:

 Your Spells              Type           Power      Damage    Failure   Level
a - Dazzling Flash        Conj/Hex       0%         N/A       95%         3

Your spell library contained the following spells:

 Spells                   Type           Power      Damage    Failure   Level
 Necrotise                Necr           0%         1d4       63%         1
 Magic Dart               Conj           0%         1d3       65%         1
 Shock                    Conj/Air       0%         1d3       65%         1
 Wereblood                Tmut           0%         N/A       75%         2
 Call Imp                 Summ           0%         N/A       77%         2
 Sublimation of Blood     Necr           0%         N/A       77%         2
 Scorch                   Fire           0%         2d5       78%         2
 Kindle Blastsparks       Fire/Tloc/Air  0%         2d10      94%         3
 Mephitic Cloud           Conj/Pois/Air  0%         N/A       94%         3
 Portal Projectile        Hex/Tloc       0%         N/A       94%         3
 Swiftness                Air            0%         N/A       94%         3
 Tukima's Dance           Hex            0%         N/A       94%         3
 Vampiric Draining        Necr           0%         2d6       94%         3
 Airstrike                Air            0%         2d(0-16)  100%        4
 Flame Wave               Conj/Fire      0%         2d4       100%        4
 Fulminant Prism          Conj/Hex       0%         3d5       100%        4
 Iskenderun's Mystic Bla  Conj/Tloc      0%         2d3       100%        4
 Agony                    Necr           0%         N/A       100%        5
 Blade Hands              Tmut           0%         N/A       100%        5
 Lee's Rapid Deconstruct  Erth           0%         3d4*      100%        5
 Starburst                Conj/Fire      0%         6d3       100%        6
 Summon Cactus Giant      Summ           0%         N/A       100%        6
 Summon Hydra             Summ           0%         N/A       100%        7


Dungeon Overview and Level Annotations

Branches:
Dungeon (9/15)             Temple (1/1) D:5            Lair (5/5) D:8
  Swamp (4/4) Lair:2        Snake (4/4) Lair:3        Slime (0/5) Lair:4
  Sewer (visited)         Volcano (visited)
    Orc: D:9-12

Altars:
Ashenzari
Cheibriados
Dithmenos
Elyvilon
Fedhas
Gozag
Hepliaklqana
Nemelex Xobeh
Okawaru
Qazlal
Ru
Sif Muna
Trog
Uskayaw
Vehumet
Wu Jian
Xom
Zin
The Shining One

Shops:
D:2 (?(:*   D:7 *   D:8 *   Snake:3 *:=:

Annotations:
D:9 Amaemon
Snake:1 Roxanne


Innate Abilities, Weirdness & Mutations

Your life essence is reduced to manifest your ancestor. (-10% HP)
((You are very nimble when in or above water. (Stealth+, EV+, Speed+++)))
Your lower body shifts to a powerful aquatic tail in water.


Message History

A bloated husk comes into view.
The fenstrider witch points at you and mumbles some strange words.
Your body is wracked with pain!
The tyrant leech bites Nefertari!
Nefertari closely misses the tyrant leech.
The tyrant leech completely misses you.
There is a stone staircase leading up here.
The fenstrider witch hits you!!
The fenstrider witch completely misses you.
Nefertari hits the tyrant leech with a +0 quarterstaff!
The fenstrider witch completely misses you. x2
The tyrant leech bites Nefertari!!
Nefertari is destroyed!
You fly upwards.
There is a stone staircase leading down here.
Okay, then.
Nefertari is still trapped in memory!
Okay, then.
Okay, then.
Casting: Dazzling Flash (dangerous; 95% risk of failure)
Confirm with . or Enter, or press ? or * to list all spells.
Okay, then.
Okay, then.
Okay, then.
Okay, then.
Okay, then.
You feel yourself speed up. You block the tyrant leech's attack.
You block the fenstrider witch's attack. x2
The fenstrider witch gestures at you while chanting.
You suddenly lose the ability to move!
The tyrant leech barely misses you. The tyrant leech bites you!
The tyrant leech draws strength from your injuries!
The fenstrider witch hits you!
* * * LOW HITPOINT WARNING * * *
The fenstrider witch kicks you!
* * * LOW HITPOINT WARNING * * *
The fenstrider witch hits you.
* * * LOW HITPOINT WARNING * * *
The fenstrider witch kicks you but does no damage.
The tyrant leech bites you!!
You die...

♣♣ ♣ ♣~ ♣♣ ♣♣♣~ .♣♣♣♣♣♣ ♣..~
.♣♣~.~♣ ♣♣♣♣♣ ♣♣... .~~~~.♣♣
♣♣..~♣♣♣♣♣ ♣.~.. ~~~~...♣♣♣
♣~<.♣♣♣.~♣♣♣♣ ♣.~~. ~~~~.~~~~♣
♣♣♣§♣♣♣...~~♣♣♣♣♣.~~~
~..~~~~~.♣♣♣♣♣..@H~~.....♣♣...~~.
~....~~~~~.~.~~~~w~~~~~~......~~~
~~~~..~~~~.~~~~~~~~~~~~~~.~~♣~~~~
§~....~~~~~~§~~§~~~~~§.~....~♣.~~
~....~~~§~~~~~~~~~~.......~~..~~.
.≈...~~~~~~~~~~~§..~♣♣..~~.~§~~..
♣♣≈..~~~~~~~~♣~[§♣♣♣♣♣♣.~~R~~~~~.
♣♣..~~~~.~~~~♣~.♣♣ ♣~.~~R~~~~~~
....~~~.♣.~~.♣♣~♣ ♣♣♣♣~.~~~~~~~~


You could see a fenstrider witch and a tyrant leech.

Vanquished Creatures
  Agnes (Snake:1)
  A nagaraja (Snake:2)
  Aizul (Swamp:3)
  4 eleionomae
  Nessos (Lair:5)
  3 spark wasps (Swamp:1)
  5 bunyips
  Snorg (Lair:3)
  A salamander tyrant (Snake:3)
  5 hydras
  2 ghost crabs
  A two-headed ogre (D:8)
  3 alligators (Swamp:3)
  5 anacondas
  7 death yaks
  6 naga warriors
  5 shock serpents
  17 naga sharpshooters
  2 spriggan druids
  5 salamander mystics
  7 goliath frogs
  A sea snake (Snake:2)
  6 spectral anacondas (Snake:3)
  A naga ritualist (Snake:4)
  A swamp dragon (Swamp:3)
  3 bog bodies
  Pikel (Temple)
  2 anaconda skeletons (Snake:3)
  7 mana vipers
  A will-o-the-wisp (Swamp:2)
  An ugly thing (D:7)
  16 salamanders
  Maurice (D:8)
  23 black mambas
  4 elephants
  A guardian serpent (Snake:3)
  6 naga magi
  A molten gargoyle (Volcano)
  Psyche (D:9)
  A torpor snail (D:8)
  4 cane toads
  A gargoyle (Volcano)
  A rime drake (Lair:3)
  5 komodo dragons
  3 anaconda simulacra (Snake:3)
  3 polar bears (Lair:5)
  7 hornets
  3 tyrant leeches
  Grinder (D:5)
  6 dream sheep
  8 blink frogs
  Sigmund (D:2)
  5 wraiths (D:9)
  12 spriggans
  43 yaks
  A fire elemental (Volcano)
  3 wyverns
  A basilisk (Lair:3)
  5 humans (Lair:3)
  2 hogs (Lair:5)
  3 steam dragons
  Eustachio (D:5)
  Grum (D:8)
  12 vampire mosquitoes
  9 swamp worms
  17 nagas
  9 water moccasins
  3 ice beasts
  A sky beast (D:8)
  An orc warrior (D:5)
  2 boggarts (Lair:5)
  4 ogres
  10 black bears
  7 centaurs
  23 wolves
  2 phantoms
  A lemure (D:5)
  10 bullfrogs
  A gnoll sergeant (D:9)
  6 kobold brigands
  5 necrophages
  4 scorpions
  8 wights
  A killer bee (D:7)
  An electric eel (Lair:5)
  A howler monkey (D:5)
  Crazy Yiuf (D:4)
  3 hounds
  A jelly (D:7)
  3 orc priests
  4 orc wizards
  3 iguanas (D:5)
  Terence (D:2)
  19 gnolls
  A river rat (D:5)
  14 adders
  A white imp (D:7)
  4 worms
  A dart slug (D:4)
  30 orcs
  8 ball pythons
  11 bats
  5 endoplasms
  7 giant cockroaches
  15 goblins
  19 hobgoblins
  7 jackals
  36 kobolds
  2 quokkas
  8 frilled lizards
  8 rats
631 creatures vanquished.

Vanquished Creatures (collateral kills)
  Kirke (Lair:5)
  A nagaraja (Snake:3)
  Louise (Snake:2)
  2 eleionomae
  A shambling mangrove (Swamp:2)
  3 hydras
  A catoblepas (Lair:4)
  An anaconda (Snake:4)
  2 boulder beetles
  An alligator (Swamp:3)
  3 naga sharpshooters
  4 death yaks
  3 naga warriors
  2 shock serpents (Snake:4)
  3 goliath frogs
  3 salamander mystics
  2 spectral anacondas (Snake:3)
  An anaconda zombie (Snake:3)
  A sea snake (Snake:2)
  A naga ritualist (Snake:2)
  2 swamp dragons
  A bog body (Swamp:1)
  An anaconda skeleton (Snake:3)
  A lindwurm (Lair:2)
  A mana viper (Snake:3)
  A will-o-the-wisp (Swamp:1)
  4 salamanders
  4 elephants
  5 naga magi
  7 black mambas
  A cane toad (Lair:3)
  A gargoyle (Volcano)
  4 komodo dragons
  A tyrant leech (Swamp:3)
  A polar bear (Lair:1)
  11 blink frogs
  10 hornets
  2 dream sheep
  10 spriggans
  A human (Lair:3)
  17 yaks
  A basilisk (Lair:5)
  A steam dragon (D:8)
  2 vampire mosquitoes (Swamp:2)
  14 nagas
  2 swamp worms (Swamp:2)
  A water moccasin (Lair:1)
  2 swamp drakes (Swamp:1)
  8 wolves
  2 boggarts (Lair:5)
  A centaur (Lair:3)
  4 bullfrogs
  A gnoll (D:9)
  3 kobolds
165 creatures vanquished.

Vanquished Creatures (others)
  A hydra (Swamp:3)
  A bloated husk (Swamp:1)
  5 humans (Lair:5)
  2 swamp worms
  4 ancestors
  26 battlemagi
  An endoplasm (D:3)
  2 kobolds
  5 foxfires
  33 fungi
  64 plants
144 creatures vanquished.

Grand Total: 940 creatures vanquished

Notes
Turn   | Place    | Note
-------+----------+-------------------------------------------
     0 | D:1      | Leeroy the Merfolk Gladiator began the quest for the Orb.
     0 | D:1      | Reached XP level 1. HP: 16/16 MP: 1/1
   114 | D:1      | Reached XP level 2. HP: 17/22 MP: 2/2
   415 | D:1      | Reached XP level 3. HP: 27/27 MP: 3/3
   486 | D:1      | Reached skill level 5 in Long Blades
   740 | D:2      | Noticed Sigmund
   749 | D:2      | Killed Sigmund
   750 | D:2      | Reached XP level 4. HP: 21/33 MP: 4/4
   750 | D:2      | Reached XP level 5. HP: 24/38 MP: 5/5
   882 | D:2      | Found Uzao's General Store.
   896 | D:2      | Bought a scroll of identify for 24 gold pieces
   921 | D:2      | Noticed Terence
   935 | D:2      | Killed Terence
   936 | D:2      | Reached XP level 6. HP: 14/44 MP: 6/6
  1349 | D:2      | Found Ucra's Book Shoppe.
  1416 | D:2      | Found Ome Ebbu's Weapon Emporium.
  1452 | D:2      | Found Ozezur's Magic Scroll Emporium.
  1550 | D:2      | Found a faded altar of an unknown god.
  1555 | D:2      | Found Lijimm's Antique Weapon Emporium.
  1863 | D:3      | Found a radiant altar of Vehumet.
  3345 | D:4      | Reached XP level 7. HP: 14/50 MP: 7/7
  3716 | D:4      | Reached skill level 10 in Long Blades
  3999 | D:4      | Found a runed translucent door.
  4000 | D:4      | Noticed Crazy Yiuf
  4006 | D:4      | Killed Crazy Yiuf
  4066 | D:5      | Entered Level 5 of the Dungeon
  4107 | D:5      | HP: 2/50 [ogre/+0 giant spiked club (19)]
  4294 | D:5      | Found a glowing drain.
  4304 | D:5      | Noticed Eustachio
  4308 | Sewer    | Entered a sewer
  4421 | Sewer    | Reached XP level 8. HP: 41/56 MP: 8/8
  4886 | D:5      | HP: 2/56 [Eustachio/+0 rapier (6)]
  4892 | D:5      | HP: 1/56 [bat[Eustachio] (1)]
  5141 | D:5      | Killed Eustachio
  5412 | D:5      | Noticed Grinder
  5420 | D:5      | Paralysed by Grinder for 4 turns
  5432 | D:5      | Paralysed by Grinder for 2 turns
  5442 | D:5      | Killed Grinder
  5631 | D:5      | Identified the +8 falchion of the Arcadian God {heavy,
                  | *Slow Will+ rCorr}
  5638 | D:5      | Found a shimmering altar of Xom.
  5704 | D:5      | Found a bloodstained altar of Trog.
  5713 | D:5      | Identified the +7 long sword "Piod Cay" {freeze, rC+}
  5763 | D:5      | Noticed Pikel
  5763 | D:5      | Found a staircase to the Ecumenical Temple.
  5780 | Temple   | Entered the Ecumenical Temple
  5789 | Temple   | Killed Pikel
  5790 | Temple   | Reached XP level 9. HP: 34/61 MP: 9/9
  5938 | Temple   | Became a worshipper of Hepliaklqana the Forgotten
  6396 | D:5      | Reached skill level 15 in Long Blades
  6747 | D:6      | Found a stormy altar of Qazlal.
  6848 | D:6      | Identified the +2 leather armour of Watchfulness {Str+2
                  | Dex+7 Slay+3}
  6996 | D:6      | Identified the +7 hand axe of Subterfuge {heavy, rElec}
  7354 | D:7      | Found a blossoming altar of Fedhas.
  7435 | D:7      | Found Luywug's Fire Supplies.
  7449 | D:7      | Bought a +0 pair of gloves of fire resistance for 138 gold
                  | pieces
  7552 | D:7      | Reached XP level 10. HP: 67/67 MP: 10/10
  7754 | D:7      | Reached * piety under Hepliaklqana
  7826 | D:7      | Found a sparkling altar of Nemelex Xobeh.
  7944 | D:7      | Reached skill level 5 in Dodging
  8172 | D:7      | Noticed a green ugly thing
  8296 | D:7      | Reached skill level 6 in Dodging
  8296 | D:7      | Reached skill level 1 in Shields
  8374 | D:7      | Killed a green ugly thing
  8375 | D:7      | Reached skill level 7 in Dodging
  8725 | D:8      | Noticed Maurice
  8736 | D:8      | Killed Maurice
  8788 | D:8      | Found a white marble altar of Elyvilon.
  8843 | D:8      | Reached skill level 8 in Dodging
  8859 | D:8      | Found an ornate altar of the Wu Jian Council.
  8922 | D:8      | Found a staircase to the Lair.
  8981 | D:8      | Noticed a two-headed ogre
  8986 | D:8      | Noticed Grum
  9134 | D:8      | Killed a two-headed ogre
  9135 | D:8      | Reached skill level 9 in Dodging
  9242 | D:8      | Reached XP level 11. HP: 57/64 MP: 11/11
  9247 | D:8      | Killed Grum
  9248 | D:8      | Reached skill level 5 in Shields
  9394 | D:8      | Reached skill level 10 in Dodging
  9622 | D:8      | Found Epecoo's Serpentskin Sales.
  9629 | D:8      | Bought a +0 scimitar of venom for 88 gold pieces
  9740 | D:9      | Noticed Amaemon
  9839 | D:9      | Noticed Psyche
  9853 | D:9      | Killed Psyche
  9859 | D:9      | Noticed a skeletal warrior
  9886 | D:9      | Reached skill level 11 in Dodging
 10020 | Lair:1   | Entered Level 1 of the Lair of Beasts
 10087 | Lair:1   | Reached ** piety under Hepliaklqana
 10088 | Lair:1   | Remembered your ancestor Nefertari as a battlemage
 10154 | Lair:1   | Noticed a boulder beetle
 10165 | Lair:1   | Killed a boulder beetle
 10308 | Lair:1   | Reached skill level 12 in Dodging
 10596 | Lair:1   | Identified 2 scrolls of acquirement
 10599 | Lair:1   | Acquired a +5 double sword of holy wrath
 10601 | Lair:1   | Acquired a manual of Conjurations
 11077 | Lair:1   | Reached skill level 13 in Dodging
 11133 | Lair:2   | Reached XP level 12. HP: 59/70 MP: 12/12
 11155 | Lair:2   | Found a staircase to the Swamp.
 11203 | Lair:2   | Found a dark tunnel.
 11218 | Volcano  | Entered a volcano
 11232 | Volcano  | Reached skill level 1 in Evocations
 11313 | Volcano  | Identified the +4 helmet of Prudence {Harm Int+3 Stlth+}
 12049 | Lair:2   | Reached *** piety under Hepliaklqana
 12115 | Lair:2   | Reached skill level 5 in Evocations
 12495 | Lair:3   | Noticed an eight-headed hydra
 12503 | Lair:3   | Killed an eight-headed hydra
 12571 | Lair:3   | Noticed Snorg
 12579 | Lair:3   | Killed Snorg
 12580 | Lair:3   | Reached skill level 14 in Dodging
 12629 | Lair:3   | Noticed a death yak
 12629 | Lair:3   | Noticed a death yak
 12654 | Lair:3   | Killed a death yak
 12663 | Lair:3   | Reached skill level 15 in Dodging
 12784 | Lair:3   | Noticed a boulder beetle
 12811 | Lair:3   | Killed a boulder beetle
 12812 | Lair:3   | Reached XP level 13. HP: 68/74 MP: 13/13
 12859 | Lair:3   | Reached skill level 16 in Dodging
 12998 | Lair:3   | Found a staircase to the Snake Pit.
 13703 | Lair:3   | Found a glowing golden altar of the Shining One.
 14042 | Lair:4   | Reached **** piety under Hepliaklqana
 14166 | Lair:4   | Found a staircase to the Slime Pits.
 14784 | Lair:4   | Reached XP level 14. HP: 81/81 MP: 14/14
 15136 | Lair:5   | Entered Level 5 of the Lair of Beasts
 15208 | Lair:5   | Reached skill level 5 in Fighting
 15989 | Lair:5   | Noticed Kirke
 16008 | Lair:5   | Killed Kirke
 16009 | Lair:5   | Reached skill level 10 in Fighting
 16279 | Lair:5   | Noticed Nessos
 16313 | Lair:5   | Killed Nessos
 16630 | Lair:5   | Reached ***** piety under Hepliaklqana
 16807 | Snake:1  | Entered Level 1 of the Snake Pit
 17103 | Snake:1  | Noticed Agnes
 17113 | Snake:1  | Killed Agnes
 17441 | Snake:1  | Identified Roxanne's Anthology of Spelunking
 17441 | Snake:1  | Noticed Roxanne
 17573 | Snake:1  | You are sucked into a shaft and drop 1 floor!
 17581 | Snake:2  | Reached XP level 15. HP: 109/109 MP: 15/15
 17724 | Snake:2  | Noticed Louise
 17734 | Snake:2  | Killed Louise
 18153 | Snake:2  | Noticed a nagaraja
 18163 | Snake:2  | Killed a nagaraja
 18165 | Snake:2  | Found a blossoming altar of Fedhas.
 18550 | Snake:2  | Reached skill level 1 in Invocations
 19275 | Snake:1  | Learned a level 3 spell: Dazzling Flash
 19927 | Snake:3  | Noticed a nagaraja
 20064 | Snake:3  | Killed a nagaraja
 20990 | Snake:2  | Reached skill level 10 in Shields
 22689 | Snake:3  | Reached XP level 16. HP: 113/119 MP: 17/17
 23334 | Snake:3  | Found an opulent altar of Gozag.
 23546 | Snake:3  | Found Taaraugo's General Store.
 24130 | Snake:3  | Found Hojeafas's Book Shop.
 24130 | Snake:3  | Found Wuonaami's Jewellery Emporium.
 24131 | Snake:3  | Found Ylaf's Book Shop.
 24148 | Snake:3  | Bought an amulet of reflection for 540 gold pieces
 24160 | Snake:3  | Bought a book of Blood for 392 gold pieces
 24577 | Snake:4  | Entered Level 4 of the Snake Pit
 24837 | Snake:4  | HP: 1/119 [shock serpent/bolt of electricity (17)]
 25190 | Snake:4  | Reached skill level 15 in Shields
 25646 | Snake:4  | Noticed a nagaraja
 25663 | Snake:4  | Noticed a nagaraja
 25664 | Snake:4  | HP: 5/119 [constriction (3)]
 25670 | Snake:4  | HP: 3/119 [nagaraja/+0 whip (15)]
 26127 | Swamp:1  | Entered Level 1 of the Swamp
 26163 | Swamp:1  | Reached skill level 17 in Dodging
 26374 | Swamp:1  | Reached XP level 17. HP: 99/125 MP: 18/18
 26546 | Swamp:1  | Reached skill level 18 in Dodging
 27242 | Swamp:2  | Reached skill level 19 in Dodging
 27456 | Swamp:2  | Identified the +9 great mace of the Elven Halls {heavy,
                  | rPois rF+}
 28061 | Swamp:3  | Reached skill level 20 in Dodging
 28240 | Swamp:3  | Noticed Aizul
 28250 | Swamp:3  | Killed Aizul
 28362 | Swamp:3  | Reached skill level 21 in Dodging
 28671 | Swamp:4  | Entered Level 4 of the Swamp
 28680 | Swamp:3  | Paralysed by a fenstrider witch for 5 turns
 28683 | Swamp:3  | Mangled by a tyrant leech

Illustrated notes

Levels and vault maps discovered:
D:1:      lemuel_arrival_cross, layout_basic, nicolae_kite_square_tiling_tiny,
          dreamdust_mushroom_princess, hangedman_decor_peaks_small
D:2:      layout_basic, hellmonk_ecumenical_altar_zigzags, serial_shops,
          nicolae_shop_statue_plus, nicolae_shop_crystal, nicolae_square_shop,
          nicolae_shop_behind_doors, nicolae_shop_window_shopping, uniq_terence,
          uniq_sigmund
D:3:      layout_basic, fiery_altar_vehumet
D:4:      layout_basic, minmay_surrounded, uniq_crazy_yiuf_cottage
D:5:      layout_gridville, mainiacjoe_overflow_catch_the_wave,
          minmay_temple_entry_junction_2, cheibrodos_sewer_entry_sluice,
          corexii_shack, minmay_misc_feat_plants, uniq_grinder, uniq_pikel,
          uniq_eustachio
D:6:      corexii_shantytown, layout_cave_pools,
          nicolae_qazlal_scattered_showers
D:7:      layout_basic, nemelex_dance_club_becter,
          mainiacjoe_overflow_small_starburst, grunt_ministairs_5,
          nicolae_shop_fire_sale [nicolae_sub_dead_trees],
          grunt_decor_one_mirror, hangedman_abyss_or_decor_stabs,
          serial_bayou_pond_c, minmay_chambers_of_fives
D:8:      layout_loops_ring, elyvilon_altar_3, lemuel_doored_altar,
          dpeg_oklobed_lair, guppyfry_shop_venom, uniq_grum, uniq_maurice
D:9:      layout_rooms, tso_oasis_becter, nicolae_yredelemnul_ghost_church,
          serial_shops, nicolae_shop_hallway_plus,
          minmay_guarded_unrand_finisher, uniq_amaemon, uniq_psyche
Temple:   eino_wide_crystal_templ
Lair:1:   layout_regular_city, grunt_megastairs_2
Lair:2:   hellmonk_destroyed_diamonds, layout_misc_corridors,
          skrybe_swamp_entry_bodies, enter_volcano_1
Lair:3:   slaughterhouse, layout_concentric_octagons, lemuel_centaur_altar,
          uniq_snorg
Lair:4:   layout_small_grid, slime_entry_1
Lair:5:   minmay_lair_end_enchanted_forest, layout_regular_city,
          grunt_megastairs_3, serial_bayou_shore_a, infiniplex_staircase_pool,
          uniq_nessos, uniq_kirke
Swamp:1:  layout_falls_marsh, evilmike_swamp_ruin_house_3, swamp_pool5,
          nicolae_swamp_catching_bugs
Swamp:2:  layout_basic_swamp, nicolae_swamp_big_swirl, swamp_pool4
Swamp:3:  layout_basic_swamp, nicolae_swamp_some_circles,
          hangedman_swamp_blocks, uniq_aizul
Swamp:4:  byrel_swamp_growth_death_and_undeath, layout_basic_swamp,
          uniq_bai_suzhen
Snake:1:  layout_chambers, grunt_megastairs_4, uniq_agnes, uniq_roxanne
Snake:2:  nicolae_snake_shooting_gallery, layout_basic, basic_altar, uniq_louise
Snake:3:  layout_chambers, serial_shops, shop, basic_altar, grunt_ministairs_6,
          nicolae_snake_dead_anacondas, minmay_shop_grove
Snake:4:  johnstein_snake_rune_scales, layout_rooms

Skill      XL: |  1  2  3  4  5  6  7  8  9 10 11 12 13 14 15 16 17 |
---------------+----------------------------------------------------+-----
Long Blades    | 4 7 9 11 14 16 19 | 19.6
Dodging        | 9 13 15 16 17 21 | 21.1
Shields        | 4 8 12 16 | 16.0
Evocations     | 6 |  6.8
Fighting       | 12 14 | 14.3
Invocations    | 2 |  2.1
Maces & Flails | |  0.1
Polearms       | |  0.4
Ranged Weapons | |  0.2
Throwing       | |  2.0
Hexes          | |  0.2
Summonings     | |  0.2
Necromancy     | |  0.1
Translocations | |  0.2
Transmutations | |  0.4
Fire Magic     | |  0.1
Air Magic      | |  0.1
Poison Magic   | |  0.4

Action                   |  1- 3 |  4- 6 |  7- 9 | 10-12 | 13-15 | 16-18 || total
-------------------------+-------+-------+-------+-------+-------+-------++-------
Melee: Long sword        |    73 |   200 |   382 |   359 |   300 |   375 ||  1689
       Punch             |       |     2 |     5 |       |       |       ||     7
       Dagger            |       |       |     8 |       |       |       ||     8
       Falchion          |       |       |    12 |       |       |       ||    12
       Tailslap          |       |       |     2 |       |       |       ||     2
       Rapier            |       |       |       |     1 |     8 |       ||     9
       Double sword      |       |       |       |       |   392 |   151 ||   543
Throw: Throwing net      |       |     1 |     5 |     5 |       |       ||    11
       Dart              |       |       |     1 |     5 |    17 |       ||    23
       Javelin           |       |       |       |     1 |       |       ||     1
Invok: Ancestor Life: Ba |       |       |       |     1 |       |       ||     1
       Recall Ancestor   |       |       |       |     1 |    12 |     9 ||    22
       Ancestor Identity |       |       |       |     1 |       |       ||     1
       Transference      |       |       |       |       |     8 |     1 ||     9
       Idealise          |       |       |       |       |     2 |     1 ||     3
Evoke: Wand              |       |       |       |    11 |    20 |       ||    31
  Use: Scroll            |       |     1 |     5 |    12 |    10 |    13 ||    41
       Potion            |       |       |     2 |     2 |     6 |     4 ||    14
 Stab: Held in net/web   |       |     2 |     1 |     3 |       |       ||     6
       Sleeping          |       |     2 |     5 |     3 |     6 |     2 ||    18
       Distracted        |       |       |       |     9 |    17 |    18 ||    44
Armor: Leather armour    |    28 |    48 |   106 |    62 |    73 |    46 ||   363
Dodge: Dodged            |    53 |    99 |   337 |   331 |   706 |   455 ||  1981
Block: Buckler           |       |       |       |   124 |   241 |       ||   365
       Kite shield       |       |       |       |       |   154 |   613 ||   767
       Reflection        |       |       |       |       |       |    50 ||    50

Table legend: (Time is in decaauts)
 A = Elapsed time spent in this place.
 B = Non-inter-level travel time spent in this place.
 C = Inter-level travel time spent in this place.
 D = Time resting spent in this place.
 E = Time spent auto-exploring this place.
 F = Levels seen in this place.
 G = Mean time per level.
                   A        B        C        D        E       F      G
               +--------+--------+--------+--------+--------+-----+--------+
         Total |  27860 |  26701 |   1159 |   4087 |  17256 |  25 | 1114.4 |
       Dungeon |   9139 |   8835 |    304 |    400 |   6561 |   9 | 1015.4 |
        Temple |    172 |    144 |     28 |      0 |    126 |   1 |  172.0 |
          Lair |   6153 |   5867 |    286 |     56 |   4485 |   5 | 1230.6 |
         Swamp |   2284 |   2245 |     39 |     76 |   1674 |   4 |  571.0 |
     Snake Pit |   9075 |   8574 |    501 |   3353 |   3945 |   4 | 2268.8 |
         Sewer |    501 |    501 |      0 |      0 |    361 |   1 |  501.0 |
       Volcano |    534 |    534 |      0 |    200 |    102 |   1 |  534.0 |
               +--------+--------+--------+--------+--------+-----+--------+

Top non-repeatable levels by time:
 Snake:2: 4033 daAuts
 Snake:3: 2865 daAuts
  Lair:3: 1684 daAuts
  Lair:5: 1551 daAuts
 Snake:1: 1535 daAuts
     D:4: 1493 daAuts
     D:5: 1471 daAuts
     D:7: 1458 daAuts
     D:8: 1116 daAuts
  Lair:4: 1093 daAuts
     D:2: 1042 daAuts
  Lair:1: 1016 daAuts
     D:3: 980 daAuts
 Swamp:2: 867 daAuts
  Lair:2: 808 daAuts
